 Dungeon Crawl Stone Soup version 0.31-a0-1074-g0b22e4e0f1 (webtiles) character file.

Game seed: 840815431434150504

1544223 backslashecho the Impregnable (level 27, 206/206 HPs)
             Began as a Human Warper on Dec 5, 2023.
             Was a Follower of Uskayaw.
             Escaped with the Orb
             ... and 3 runes on Dec 7, 2023!
             The game lasted 05:35:40 (78851 turns).

backslashecho the Impregnable (Human Warper)       Turns: 78851, Time: 05:35:41

Health: 206/206    AC: 50    Str: 39    XL:     27
Magic:  35/35      EV: 15    Int: 11    God:    Uskayaw [*.....]
Gold:   3855       SH: 17    Dex: 18    Spells: 27/30 levels left

rFire   + + .        b - +7 broad axe (freeze)
rCold   + + .        y - +2 kite shield {rN+}
rNeg    + . .        J - +9 scales of the Dragon King {rPois rF+ rC+ Will+}
rPois   +            A - +2 hat {Will+}
rElec   +            P - +2 cloak of the Thief {*Fog Slay-2 SInv Stlth+}
rCorr   +            o - +0 pair of gloves {Dex+3}
SInv    +            r - +2 pair of boots "Didilyshro" {rElec rF+ Str+7 Int-3}
Will    +++++        v - amulet of Niodim {Spirit rElec Will+ Regen+ Stlth+} Stlth
                     u - ring "Piaruh" {Drain rElec rPois rC+ Str+8}
HPRegen 1.34/turn    e - ring "Upsoluaj" {rCorr AC+4 Str+3}
MPRegen 0.24/turn

%: guardian spirit
@: studying Stealth
A: see invisible, clumsy 1, frail 1, wild magic 1
0: Orb of Zot
}: 3/15 runes: decaying, serpentine, slimy
a: Renounce Religion, Stomp


You escaped.
You worshipped Uskayaw.
Uskayaw was most pleased with you.
You visited 11 branches of the dungeon, and saw 52 of its levels.
You visited 1 bazaar.
You also visited: Gauntlet, Ice Cave, Volcano and Desolation.

You collected 8233 gold pieces.
You spent 4378 gold pieces at shops.

Inventory:

Hand Weapons
 a - the +8 war axe "Vagom" {spect, Stlth+}
   (You found it on level 2 of the Dungeon)

   Stlth+:    It makes you more stealthy.
 b - a +7 broad axe of freezing (weapon)
Missiles
 s - 19 darts of dispersal
 W - 16 curare-tipped darts
 Y - 7 silver javelins (quivered)
 Z - 8 throwing nets
Armour
 o - a +0 pair of gloves of dexterity (worn)
 r - the +2 pair of boots "Didilyshro" (worn) {rElec rF+ Str+7 Int-3}
   (You acquired it on level 5 of the Pits of Slime)

   Str+7:     It affects your strength (+7).
   Int-3:     It affects your intelligence (-3).
   rF+:       It protects you from fire.
   rElec:     It insulates you from electricity.
 y - a +2 kite shield of positive energy (worn)
 A - a +2 hat of willpower (worn)
 J - the +9 scales of the Dragon King (worn) {rPois rF+ rC+ Will+}
   (You found it on level 4 of the Depths)

   rF+:       It protects you from fire.
   rC+:       It protects you from cold.
   rPois:     It protects you from poison Will+: It increases your willpower.
 P - the +2 cloak of the Thief (worn) {*Fog Slay-2 SInv Stlth+}
   (You found it in a volcano)

   *Fog:      It may release a thick cloud of smoke when the wearer is hurt.
   Slay-2:    It affects your accuracy & damage with ranged weapons and melee
   (-2).
   SInv:      It lets you see invisible.
   Stlth+:    It makes you more stealthy.
Jewellery
 e - the ring "Upsoluaj" (right hand) {rCorr AC+4 Str+3}
   (You found it on level 5 of the Pits of Slime)

   [ring of protection]

   AC+4:      It affects your AC (+4).
   Str+3:     It affects your strength (+3).
   rCorr:     It protects you from acid and corrosion.
 u - the ring "Piaruh" (left hand) {Drain rElec rPois rC+ Str+8}
   (You found it in the Desolation of Salt)

   [ring of protection from cold]

   Str+8:     It affects your strength (+8).
   rC+:       It protects you from cold.
   rElec:     It insulates you from electricity.
   rPois:     It protects you from poison Drain: It drains your maximum health
   when unequipped.
 v - the amulet of Niodim (around neck) {Spirit rElec Will+ Regen+ Stlth+}
   (You took it off a deep elf demonologist on level 3 of the Elven Halls)

   [amulet of guardian spirit]

   Spirit:    It causes incoming damage to be divided between your reserves of
   health and magic.
   rElec:     It insulates you from electricity.
   Will+:     It increases your willpower.
   Regen+:    It increases your rate of health regeneration.
   Stlth+:    It makes you more stealthy.
 B - the ring "Vaont" {rElec rPois rF- rCorr SInv}
   (You found it on level 5 of the Pits of Slime)

   [ring of see invisible]

   rF-:       It makes you vulnerable to fire.
   rElec:     It insulates you from electricity.
   rPois:     It protects you from poison SInv: It lets you see invisible.
   rCorr:     It protects you from acid and corrosion.
 N - the ring "Sarphaihi" {Fire rN+ Str+5 Dex+2}
   (You found it on level 1 of the Lair of Beasts)

   [ring of fire]

   Fire:      It enhances your fire magic.
   Str+5:     It affects your strength (+5).
   Dex+2:     It affects your dexterity (+2).
   rF+:       It protects you from fire.
   rC-:       It makes you vulnerable to cold.
   rN+:       It protects you from negative energy.
Wands
 k - a wand of flame (90)
 q - a wand of digging (45)
 w - a wand of mindburst (45)
 D - a wand of charming (72)
 G - a wand of iceblast (29)
 O - a wand of quicksilver (20)
Scrolls
 f - 19 scrolls of teleportation
 h - 4 scrolls of vulnerability
 p - 4 scrolls of fear
 x - 15 scrolls of fog
 C - 5 scrolls of poison
 E - 3 scrolls of revelation
 K - 9 scrolls of blinking
 R - 5 scrolls of butterflies
 S - 2 scrolls of silence
Potions
 d - 5 potions of resistance
 g - 24 potions of curing
 l - 17 potions of heal wounds
 m - 7 potions of magic
 n - 6 potions of cancellation
 t - a potion of haste
 F - a potion of invisibility
 H - 5 potions of ambrosia
 L - 4 potions of might
 Q - 3 potions of enlightenment
 V - 7 potions of mutation
Miscellaneous
 c - a phantom mirror
 j - a lightning rod (4/4)
 M - a phial of floods
 U - a sack of spiders
 X - a tin of tremorstones (2/2)


   Skills:
 + Level 21.5 Fighting
 + Level 23.0(23.2) Axes
 - Level 4.2(15.8) Maces & Flails
 - Level 16.0 Throwing
 + Level 24.5 Armour
 - Level 12.0 Dodging
 - Level 18.0 Shields
 - Level 1.0 Unarmed Combat
 - Level 2.0 Spellcasting
 - Level 3.0 Translocations
 + Level 17.3 Invocations
 - Level 12.0 Evocations


You had 27 spell levels left.
You knew the following spells:

 Your Spells              Type           Power      Damage    Failure   Level
a - Apportation           Tloc           20%        N/A       50%         1
b - Blink                 Tloc           20%        N/A       65%         2

Your spell library contained the following spells:

 Spells                   Type           Power      Damage    Failure   Level
 Lesser Beckoning         Tloc           20%        N/A       65%         2
 Momentum Strike          Conj/Tloc      10%        3d8       83%         2
 Gell's Gravitas          Tloc           10%        N/A       86%         3
 Teleport Other           Tloc           10%        N/A       86%         3
 Kiss of Death            Conj/Necr      4%         2d5       88%         1
 Magic Dart               Conj           4%         1d3       88%         1
 Sting                    Tmut/Pois      4%         1d3       88%         1
 Call Imp                 Summ           2%         N/A       96%         2
 Cigotuvi's Dreadful Rot  Necr/Pois/Air  2%         N/A       96%         2
 Ensorcelled Hibernation  Hex/Ice        2%         N/A       96%         2
 Jinxbite                 Hex            2%         N/A       96%         2
 Poisonous Vapours        Pois/Air       2%         N/A       96%         2
 Scorch                   Fire           2%         2d5       96%         2
 Searing Ray              Conj           2%         2d4       96%         2
 Sublimation of Blood     Necr           1%         N/A       96%         2
 Wereblood                Tmut           1%         N/A       96%         2
 Call Canine Familiar     Summ           1%         N/A       99%         3
 Confusing Touch          Hex            1%         N/A       99%         3
 Hailstorm                Conj/Ice       1%         3d3       99%         3
 Inner Flame              Hex/Fire       1%         N/A       99%         3
 Mephitic Cloud           Conj/Pois/Air  1%         N/A       99%         3
 Sigil of Binding         Hex            1%         N/A       99%         3
 Stone Arrow              Conj/Erth      2%         3d7       99%         3
 Summon Guardian Golem    Hex/Summ       1%         N/A       99%         3
 Tukima's Dance           Hex            1%         N/A       99%         3
 Manifold Assault         Tloc           10%        N/A       99%         4
 Passage of Golubria      Tloc           10%        N/A       99%         4
 Anguish                  Hex/Necr       0%         N/A       100%        4
 Animate Armour           Summ/Erth      2%         N/A       100%        4
 Animate Dead             Necr           1%         N/A       100%        4
 Brom's Barrelling Bould  Conj/Erth      1%         2d3       100%        4
 Cause Fear               Hex            0%         N/A       100%        4
 Dimensional Bullseye     Hex/Tloc       2%         N/A       100%        4
 Dispel Undead            Necr           1%         3d6       100%        4
 Flame Wave               Conj/Fire      1%         2d4       100%        4
 Fulminant Prism          Conj/Hex       0%         3d5       100%        4
 Leda's Liquefaction      Hex/Erth       0%         N/A       100%        4
 Olgreb's Toxic Radiance  Pois           1%         N/A       100%        4
 Petrify                  Tmut/Erth      1%         N/A       100%        4
 Sticky Flame             Conj/Fire      1%         2d3       100%        4
 Summon Ice Beast         Ice/Summ       1%         N/A       100%        4
 Summon Lightning Spire   Summ/Air       1%         N/A       100%        4
 Vhi's Electric Charge    Tloc/Air       10%        N/A       100%        4
 Alistair's Intoxication  Tmut/Pois      0%         N/A       100%        5
 Arcjolt                  Conj/Air       0%         1d10      100%        5
 Borgnjor's Vile Clutch   Necr/Erth      0%         N/A       100%        5
 Fireball                 Conj/Fire      0%         3d3       100%        5
 Irradiate                Conj/Tmut      0%         3d11      100%        5
 Iskenderun's Battlesphe  Conj           1%         2d6       100%        5
 Silence                  Hex/Air        0%         N/A       100%        5
 Summon Forest            Summ/Tloc      2%         N/A       100%        5
 Summon Mana Viper        Hex/Summ       1%         N/A       100%        5
 Yara's Violent Unravell  Hex/Tmut       0%         3d3       100%        5
 Bombard                  Conj/Erth      0%         9d1       100%        6
 Conjure Ball Lightning   Conj/Air       0%         3x3d6     100%        6
 Dispersal                Tloc           5%         N/A       100%        6
 Eringya's Noxious Bog    Tmut/Pois      0%         4d6       100%        6
 Simulacrum               Ice/Necr       0%         N/A       100%        6
 Summon Cactus Giant      Summ           0%         N/A       100%        6
 Enfeeble                 Hex            0%         N/A       100%        7
 Haunt                    Necr/Summ      0%         N/A       100%        7
 Malign Gateway           Summ/Tloc      2%         N/A       100%        7
 Orb of Destruction       Conj           0%         9d5       100%        7
 Ozocubu's Refrigeration  Ice            0%         4d7       100%        7
 Spellforged Servitor     Conj/Summ      0%         N/A       100%        7
 Summon Hydra             Summ           0%         N/A       100%        7
 Discord                  Hex            0%         N/A       100%        8
 Ignition                 Fire           0%         3d3       100%        8
 Infestation              Necr           0%         N/A       100%        8
 Lehudib's Crystal Spear  Conj/Erth      0%         10d2      100%        8
 Summon Horrible Things   Summ           0%         N/A       100%        8
 Death's Door             Necr           0%         N/A       100%        9
 Dragon's Call            Summ           0%         N/A       100%        9
 Fire Storm               Conj/Fire      0%         6d1       100%        9
 Polar Vortex             Ice            0%         N/A       100%        9


Dungeon Overview and Level Annotations

Branches:
Dungeon (15/15)            Temple (1/1) D:6            Lair (5/5) D:8
  Swamp (4/4) Lair:3        Snake (4/4) Lair:2        Slime (5/5) Lair:5
    Orc (2/2) D:10            Elf (3/3) Orc:2        Vaults (4/5) D:14
  Crypt (0/3) Vaults:3     Depths (4/4) D:15            Zot (5/5) Depths:4
  IceCv (visited)         Volcano (visited)         Desolation (visited)
Gauntlet (visited)

Altars:
Ashenzari
Cheibriados
Dithmenos
Elyvilon
Fedhas
Gozag
Hepliaklqana
Kikubaaqudgha
Makhleb
Nemelex Xobeh
Okawaru
Qazlal
Ru
Sif Muna
Trog
Uskayaw
Vehumet
Wu Jian
Xom
Yredelemnul
Zin
The Shining One
Jiyva

Shops:
D:7 [   Orc:2 ([:(   Elf:1 *   Elf:2 !!*?   Elf:3 *   Snake:1 *   Snake:3 !:
Snake:4 ?   Depths:1 :

Portals:
Hell: Depths:1 Depths:2 Depths:3 Depths:4
Abyss: Depths:3
Pandemonium: Depths:1 Depths:2 Depths:3
Ziggurat: Depths:2
Trove: Depths:2 (give +7 demon trident)

Annotations:
D:3 exclusion: ice beast
D:10 3 runed translucent doors, exclusion: 3 doors, MrSquiggles's ghost, journeyman MiFi; Pokonic1's ghost, novice DsFE; dragonking145's ghost, amateur FoFi; grandjackal's ghost, journeyman DECj
D:12 3 runed translucent doors, exclusion: 3 doors, Coicwaki's ghost, journeyman GnWn
Swamp:3 1 runed translucent door, Wiladeyst's ghost, adept TrSh
Snake:2 exclusions: naga sharpshooter and 3 more exclusions
Snake:3 exclusion: upstairs
Elf:2 3 runed translucent doors, exclusion: 3 doors
Elf:3 Roxanne
Zot:4 3 transporters, exclusion: orange crystal statue, Qephaces's ghost, veteran GnGl


Innate Abilities, Weirdness & Mutations

You have supernaturally acute eyesight. (SInv)
You are clumsy. (Dex -2)
You are frail. (-10% HP)
Your spells are a little harder to cast, but a little more powerful.


Message History

You take 2 damage, and have 192/206 hp.
The daeva blocks your attack.
The daeva is severely wounded.
You block the daeva's attack. x2
You carve the daeva like a ham!!! You freeze the daeva!
You kill the daeva!
No target in view!
A Hell Sentinel comes into view.
The Hell Sentinel roars!
You regained 3 hp, and now have 197/206 hp.
You regained 2 hp, and now have 200/206 hp.
MP restored: 35 You can no longer pass through a line of other dancers.
You see here a +0 scale mail.
You regained 2 hp, and now have 204/206 hp.
There is a stone staircase leading up here.
HP restored.
You climb upwards.
There is a stone staircase leading down here.
Health restored: 206
There is a stone staircase leading up, spattered with blood here.
You climb upwards.
There is a stone staircase leading down here.
There is a stone staircase leading up, spattered with blood here.
You climb upwards.
Level annotation: exclusion: ice beast
There is a stone staircase leading down here.
There is an open door here.
There is an open door here.
There is a stone staircase leading up here.
You climb upwards.
There is a stone staircase leading down here.
Things that are here:
5 stones; a +0 dagger
There is a stone staircase leading up here.
You climb upwards.
There is a stone staircase leading down here.
You see here a +0 robe.
You open the door.
A worm is nearby!
There is an open door here.
There is a fountain of clear blue water here.
You barely miss the worm. You slice the worm!! You freeze the worm!
You kill the worm!
No target in view!
There is an open door here.
There is a staircase leading out of the dungeon here.
You close the door.
You have escaped!

###.# #.#..# #.#### #.# ####'###
#....# #.# ##.....## ####.# #.#
##.⌠.).⌠†## ###.### #.####
##....8....###.....#
#....####...⌠...⌠...####.#.#
####.##...............##.#.####
######.##.8.8.#####.8.8.##.#.....
.......##..8..#.@.#..8..##.######
######.##.8.8.#+#+#.8.8)##.#.....
# #.##.^.............##.#.#### #
#.###################.#÷# # #.#
############.#.### ######.#
#..........#..)..# .......#
#.########.#÷....#
######.########.########.......#
...............................#


There were no monsters in sight!

Vanquished Creatures
  the Royal Jelly (Slime:5)
  3 dread liches (Zot:5)
  3 orbs of fire (Zot:5)
  2 ancient liches (Zot:5)
  A juggernaut (Depths:3)
  Parghit (Depths:4)
  Boris (Depths:3)
  Margery (Depths:2)
  Vashnia (Snake:3)
  3 curse toes
  5 Killer Klowns (Zot:5)
  A caustic shrike (Depths:2)
  6 golden dragons
  Nikola (Snake:1)
  3 electric golems
  A Brimstone Fiend (Depths:4)
  14 tentacled monstrosities
  3 hellephants (Depths:4)
  29 Orb Guardians
  8 quicksilver dragons
  3 deep elf master archers
  A lich (Depths:4)
  4 titans
  3 deep elf blademasters
  19 acid blobs
  5 sphinxes
  An Executioner (Depths:4)
  A death cob (Zot:4)
  An ancient champion (Depths:4)
  Aizul (Swamp:1)
  Kirke (Lair:4)
  The ghost of Ruqos the Severer, an adept MiBe of Trog (Swamp:2)
  12 shadow dragons
  3 tengu reavers (Depths:3)
  Gastronok (D:8)
  Agnes (D:15)
  5 azure jellies
  10 draconian monks
  6 fenstrider witches
  10 storm dragons
  6 nagarajas
  A daeva (D:6)
  12 rockslimes
  5 draconian knights
  6 fire giants
  3 deep elf sorcerers (Elf:3)
  8 frost giants
  4 imperial myrmidons (Desolation)
  3 draconian scorchers
  9 vault wardens
  5 ghost moths
  4 spectral caustic shrikes (Depths:2)
  An iron dragon (Depths:3)
  3 deep elf elementalists (Elf:3)
  3 draconian shifters
  3 draconian stormcallers
  A balrug (Depths:4)
  Louise (Swamp:1)
  A reaper (Gauntlet)
  10 quicksilver oozes (Slime:5)
  A draconian annihilator (Zot:2)
  3 spriggan defenders
  4 orc warlords
  8 formless jellyfish
  9 ironbound preservers
  33 very ugly things
  15 stone giants
  9 vampire knights
  6 ironbound thunderhulks
  3 eleionomae
  7 deep elf annihilators (Elf:3)
  18 green draconians
  5 deep elf demonologists (Elf:3)
  11 black draconians
  7 bunyips
  2 yellow draconians
  2 halazid warlocks (Desolation)
  Azrael (Snake:1)
  10 white draconians
  An eidolon (Depths:4)
  8 red draconians
  A minotaur (Gauntlet)
  4 dire elephants (Vaults:4)
  2 green deaths (Swamp:4)
  11 purple draconians
  8 deep elf death magi (Elf:3)
  10 fire dragons
  Josephine (D:12)
  The ghost of BigPumpCobain the Grappler, a journeyman TrSh of Wu Jian (Lair:1)
  4 ettins
  A merfolk javelineer (Depths:2)
  A crystal guardian (Desolation)
  2 deep elf high priests
  9 yaktaur captains
  A hell beast (Depths:4)
  8 ragged hierophants (Desolation)
  4 vault guards
  3 servants of whispers (Desolation)
  12 ice dragons
  11 rakshasas
  2 salamander tyrants (Snake:4)
  4 peacekeepers
  6 great orbs of eyes
  An anaconda (shapeshifter) (Depths:4)
  18 hydras
  8 spriggan air magi
  A ghost crab (Swamp:2)
  5 ogre magi
  6 centaur warriors
  2 alligators
  6 ironbound frosthearts
  27 anacondas
  A catoblepas (Lair:4)
  17 two-headed ogres
  3 boulder beetles
  2 deep troll shamans (Depths:3)
  11 death yaks
  15 dancing weapons
  3 tengu warriors
  A demonic crawler (Zot:5)
  12 naga warriors
  5 deep troll earth magi
  2 soul eaters (Swamp:4)
  3 occultists
  4 spriggan berserkers
  17 naga sharpshooters
  9 deep elf knights
  10 hell knights
  10 shock serpents
  2 skysharks
  A shadow wraith (Vaults:4)
  2 salamander mystics (Snake:4)
  A sixfirhy (Depths:4)
  32 deep trolls
  Lodul (D:13)
  A fire crab (Lair:5)
  A sea snake (shapeshifter) (Depths:2)
  3 glowing orange brains
  8 skeletal warriors (D:15)
  A death drake (Swamp:4)
  4 goliath frogs
  12 iron trolls
  A shadow demon (Zot:2)
  5 swamp dragons
  2 large abominations (Depths:4)
  4 sea snakes
  2 flayed ghosts
  5 bog bodies
  12 orc knights
  16 deep elf archers
  10 naga ritualists
  A lindwurm (shapeshifter) (Depths:1)
  13 lindwurms
  2 harpies (shapeshifter)
  21 ironbound convokers
  7 spriggan druids
  3 harpies (Vaults:1)
  3 phantasmal warriors
  7 necromancers
  14 deep elf zephyrmancers
  10 arcanists
  20 mana vipers
  5 orc sorcerers
  33 ugly things
  3 manticores
  5 will-o-the-wisps
  26 deep elf pyromancers
  7 cyclopes
  A wolf spider (D:15)
  A salamander (shapeshifter) (Elf:2)
  Maurice (D:8)
  13 salamanders
  3 shining eyes (Slime:5)
  24 moths of wrath
  42 black mambas
  8 guardian serpents
  An ice statue (IceCv)
  13 vault sentinels
  21 naga magi
  6 molten gargoyles
  An eye of devastation (Slime:3)
  2 gargoyles
  An orange demon (Depths:4)
  4 smoke demons
  An unseen horror (D:11)
  A torpor snail (Lair:1)
  11 cane toads
  4 rime drakes
  A minotaur zombie (Gauntlet)
  2 kobold demonologists
  9 komodo dragons
  22 yaktaurs
  3 freezing wraiths
  6 tengu conjurers
  An ice devil (IceCv)
  3 polar bears
  5 hellwings
  A meliai (D:14)
  A bloated husk (Swamp:4)
  13 trolls
  14 hornets
  20 blink frogs
  4 tyrant leeches
  37 saltlings
  8 dream sheep
  A spriggan zombie (D:15)
  2 shadows
  4 air elementals
  17 spriggans
  59 slime creatures
  5 water elementals
  11 flying skulls (Gauntlet)
  4 wraiths (D:12)
  A spriggan skeleton (D:15)
  11 wyverns
  5 fire elementals
  64 yaks
  A dire elephant simulacrum (IceCv)
  5 basilisks
  7 golden eyes
  5 hogs
  2 fire bats (Lair:4)
  2 vampires
  3 chaos spawn (Swamp:4)
  4 steam dragons
  Eustachio (D:5)
  4 wargs (Orc:2)
  2 neqoxecs (Swamp:4)
  A death yak simulacrum (IceCv)
  2 vampire mosquitoes (D:14)
  20 swamp worms
  An acid dragon (D:11)
  33 nagas
  11 water moccasins
  13 hell hounds
  3 hydra simulacra
  3 swamp drakes
  3 black bears
  4 ice beasts
  18 orc warriors
  3 black bears (shapeshifter)
  A meliai simulacrum (D:14)
  A boggart (D:14)
  13 wolves
  12 centaurs
  34 ogres
  A human skeleton (Vaults:2)
  2 phantoms (D:5)
  8 kobold brigands
  2 human zombies (Vaults:2)
  15 bullfrogs
  3 scorpions
  5 cane toad simulacra
  7 two-headed ogre simulacra
  An earth elemental (Elf:3)
  8 wights
  A blink frog simulacrum (Lair:1)
  2 elephant simulacra (IceCv)
  4 killer bees (D:10)
  5 howler monkeys
  A komodo dragon simulacrum (Lair:1)
  12 lava snakes
  A human simulacrum (Vaults:2)
  13 orc priests
  A hound (D:4)
  20 jellies
  A water moccasin simulacrum (Lair:1)
  4 sleepcaps
  4 iguanas
  26 orc wizards
  A polar bear simulacrum (IceCv)
  10 spriggan simulacra
  6 troll simulacra
  4 wolf simulacra
  A mummy (D:8)
  30 adders
  6 gnolls
  6 naga simulacra
  A shadow imp (Gauntlet)
  12 white imps
  6 ufetubi
  A worm (D:1)
  3 dart slugs
  64 orcs
  7 bats
  6 endoplasms
  2 giant cockroaches
  7 goblins
  7 hobgoblins
  7 jackals (D:2)
  4 quokkas
  10 ball pythons
  5 frilled lizards
  48 kobolds
  6 rats
2152 creatures vanquished.

Vanquished Creatures (collateral kills)
  A naga sharpshooter (Snake:3)
1 creature vanquished.

Vanquished Creatures (others)
  A deep troll (Depths:1)
  A swamp dragon (Swamp:4)
  2 deep elf zephyrmancers
  A naga mage (Snake:3)
  A moth of wrath (Zot:3)
  A bloated husk (Swamp:3)
  A fire elemental (Snake:1)
  An ogre (D:13)
  10 foxfires
  87 spectral weapons
106 creatures vanquished.

Grand Total: 2259 creatures vanquished

Notes
Turn   | Place    | Note
-------+----------+-------------------------------------------
     0 | D:1      | backslashecho the Human Warper began the quest for the Orb.
     0 | D:1      | Reached XP level 1. HP: 16/16 MP: 3/3
    77 | D:1      | Found a faded altar of an unknown god.
   222 | D:1      | Reached XP level 2. HP: 22/22 MP: 5/5
   480 | D:1      | Reached skill level 1 in Unarmed Combat
   480 | D:1      | Reached XP level 3. HP: 25/27 MP: 6/6
  1253 | D:2      | Identified the +8 war axe "Vagom" {spect, Stlth+}
  1356 | D:2      | Reached XP level 4. HP: 20/34 MP: 7/7
  1849 | D:3      | Reached skill level 2 in Armour
  2065 | D:3      | Reached XP level 5. HP: 38/40 MP: 8/8
  2142 | D:3      | Noticed an ice beast
  2592 | D:3      | Reached XP level 6. HP: 41/47 MP: 9/9
  3064 | D:4      | Reached skill level 3 in Armour
  3119 | D:4      | Noticed an ogre
  3120 | D:4      | Noticed a black bear
  3138 | D:4      | Killed an ogre
  3140 | D:4      | Killed a black bear
  3141 | D:4      | Reached XP level 7. HP: 40/54 MP: 10/10
  3269 | D:4      | Found a white marble altar of Elyvilon.
  3344 | D:4      | Found a basalt altar of Yredelemnul.
  3347 | D:4      | Found an iron altar of Okawaru.
  3354 | D:4      | Found a stormy altar of Qazlal.
  3357 | D:4      | Found a blossoming altar of Fedhas.
  3359 | D:4      | Found a shadowy altar of Dithmenos.
  3365 | D:4      | Found a hazy altar of Hepliaklqana.
  3395 | D:4      | Reached skill level 1 in Axes
  3478 | D:4      | Identified the +4 dagger "Ogrebane" {freeze, Will- Str+4
                  | Dex+3}
  4014 | D:5      | Entered Level 5 of the Dungeon
  4092 | D:4      | Identified a scroll of acquirement
  4092 | D:4      | Acquired a manual of Fighting
  4207 | D:5      | Reached skill level 4 in Armour
  4210 | D:5      | Reached skill level 5 in Fighting
  4210 | D:5      | Reached XP level 8. HP: 44/62 MP: 11/11
  4318 | D:5      | Found a snail-covered altar of Cheibriados.
  4624 | D:5      | Noticed a wyvern
  4627 | D:5      | Noticed Eustachio
  4629 | D:5      | Killed a wyvern
  4742 | D:5      | Killed Eustachio
  4743 | D:5      | Reached skill level 5 in Armour
  5047 | D:5      | Reached skill level 5 in Axes
  5075 | D:5      | Reached XP level 9. HP: 26/71 MP: 12/12
  5256 | D:5      | Reached skill level 1 in Shields
  5290 | D:5      | Noticed a troll
  5728 | D:6      | Found a staircase to the Ecumenical Temple.
  5771 | Temple   | Entered the Ecumenical Temple
  5780 | Temple   | Became a worshipper of Uskayaw the Reveller
  5837 | D:6      | Reached * piety under Uskayaw
  5930 | D:6      | Reached ** piety under Uskayaw
  6063 | D:6      | Reached *** piety under Uskayaw
  6118 | D:6      | Found an ancient bone altar of Kikubaaqudgha.
  6609 | D:5      | Killed a troll
  6610 | D:5      | Reached XP level 10. HP: 83/83 MP: 13/13
  7198 | D:7      | Found Git Pemm's Antique Armour Shop.
  7213 | D:7      | Identified the amulet "Heehoogu" {Reflect rPois SH+5}
  7222 | D:7      | Found a sacrificial altar of Ru.
  7881 | D:8      | Noticed Maurice
  7976 | D:8      | Noticed a death yak
  7984 | D:8      | Noticed a death yak
  7987 | D:8      | Killed a death yak
  7987 | D:8      | Noticed a death yak
  7987 | D:8      | Noticed a death yak
  7988 | D:8      | Reached skill level 10 in Fighting
  7988 | D:8      | Reached skill level 5 in Shields
  7988 | D:8      | Noticed a death yak
  8020 | D:7      | HP: 1/85 [death yak (16)]
  8868 | D:8      | Got Denevun's Incunable of the Unclean Geodesic
  8919 | D:8      | Killed Maurice
  9153 | D:8      | Found a staircase to the Lair.
  9179 | D:8      | Noticed a death yak
  9182 | D:8      | Killed a death yak
  9183 | D:8      | Reached skill level 10 in Axes
  9183 | D:8      | Reached XP level 11. HP: 92/92 MP: 14/14
  9183 | D:8      | Reached **** piety under Uskayaw
  9184 | D:8      | Killed a death yak
  9190 | D:8      | Killed a death yak
  9196 | D:8      | Reached ***** piety under Uskayaw
  9198 | D:8      | Killed a death yak
  9385 | D:8      | Noticed Gastronok
  9397 | D:8      | HP: 1/95 [Gastronok/the air (24)]
  9398 | D:8      | Killed Gastronok
  9680 | D:8      | Found a burning altar of Makhleb.
 10699 | D:9      | Learned a level 2 spell: Blink
 10704 | D:9      | Identified the +0 scale mail of Lujaiton {rC+ rN+ MP+9
                  | Dex-5}
 11027 | D:10     | Entered Level 10 of the Dungeon
 11105 | D:10     | Found a runed translucent gate.
 11105 | D:10     | Found a runed translucent gate.
 11106 | D:10     | Found a runed translucent gate.
 11107 | D:10     | Noticed Pokonic1's ghost (novice DsFE)
 11107 | D:10     | Noticed grandjackal's ghost (journeyman DECj)
 11108 | D:10     | Noticed MrSquiggles's ghost (journeyman MiFi)
 11108 | D:10     | Noticed dragonking145's ghost (amateur FoFi)
 11155 | D:10     | Reached XP level 12. HP: 103/103 MP: 15/15
 11264 | D:10     | Found a radiant altar of Vehumet.
 11912 | D:10     | Noticed a two-headed ogre
 11926 | D:10     | Killed a two-headed ogre
 12127 | D:10     | Found a staircase to the Orcish Mines.
 12323 | Orc:1    | Entered Level 1 of the Orcish Mines
 12432 | Orc:1    | Reached ****** piety under Uskayaw
 12768 | D:11     | Noticed a two-headed ogre
 12791 | D:11     | Killed a two-headed ogre
 13091 | D:11     | Noticed a two-headed ogre
 13101 | D:11     | Killed a two-headed ogre
 13595 | Lair:1   | Entered Level 1 of the Lair of Beasts
 13606 | D:8      | Reached skill level 1 in Invocations
 13607 | D:8      | Reached XP level 13. HP: 55/113 MP: 16/16
 14018 | Lair:1   | Noticed BigPumpCobain's ghost (journeyman TrSh)
 14388 | Lair:1   | Found a runed translucent gate.
 14388 | Lair:1   | Found a runed translucent gate.
 14388 | Lair:1   | Found a runed translucent gate.
 14895 | Lair:2   | Reached skill level 15 in Fighting
 15438 | Lair:2   | Found a dark tunnel.
 15444 | Volcano  | Entered a volcano
 15800 | Volcano  | Reached skill level 5 in Invocations
 15803 | Volcano  | Reached skill level 15 in Axes
 15970 | Volcano  | Found the +2 cloak of the Thief {*Fog Slay-2 SInv Stlth+}
 15970 | Volcano  | Noticed a fire dragon
 16196 | Volcano  | Killed a fire dragon
 16197 | Volcano  | Reached skill level 6 in Armour
 16690 | Lair:2   | Found a staircase to the Snake Pit.
 17429 | Lair:3   | Reached XP level 14. HP: 123/123 MP: 18/18
 17806 | Lair:3   | Found a staircase to the Swamp.
 18080 | Lair:4   | Noticed Kirke
 18350 | Lair:3   | Reached skill level 7 in Armour
 19273 | Lair:4   | Killed Kirke
 20138 | Lair:5   | Entered Level 5 of the Lair of Beasts
 20158 | Lair:4   | Reached skill level 8 in Armour
 20479 | Lair:5   | Found a staircase to the Slime Pits.
 20480 | Lair:5   | Found a viscous altar of Jiyva.
 20950 | Lair:5   | Reached XP level 15. HP: 108/129 MP: 21/21
 21957 | Lair:5   | Reached skill level 9 in Armour
 22100 | Lair:5   | Found a large runed translucent door.
 22135 | Lair:5   | Found a large runed translucent door.
 22532 | Lair:1   | Killed BigPumpCobain's ghost
 22768 | Lair:1   | Got the ring "Sarphaihi" {Fire rN+ Str+5 Dex+2}
 22954 | Orc:2    | Entered Level 2 of the Orcish Mines
 23139 | Orc:2    | Found a staircase to the Elven Halls.
 23141 | Orc:2    | Found a frozen archway.
 23287 | IceCv    | Entered an ice cave
 24872 | Orc:2    | Reached skill level 10 in Shields
 25207 | Orc:2    | Reached skill level 5 in Throwing
 25278 | Orc:2    | Reached XP level 16. HP: 102/136 MP: 23/23
 25284 | Orc:2    | Found Duyzookar's Antique Armour Emporium.
 25293 | Orc:2    | Reached skill level 10 in Invocations
 25301 | Orc:2    | Found Tutzecio's Weapon Shop.
 25339 | Orc:2    | Found Jedeheho's Weapon Shop.
 25348 | Orc:2    | Found Teodap's Book Boutique.
 25366 | Orc:2    | Bought a throwing net for 30 gold pieces
 26536 | D:7      | Bought a pair of glowing boots for 247 gold pieces
 26944 | D:12     | Noticed Josephine
 26950 | D:12     | Killed Josephine
 27049 | D:12     | Found a runed translucent gate.
 27049 | D:12     | Found a runed translucent gate.
 27050 | D:12     | Found a runed translucent gate.
 27053 | D:12     | Noticed Coicwaki's ghost (journeyman GnWn)
 27402 | D:13     | Noticed Lodul
 27439 | D:13     | Killed Lodul
 27692 | D:13     | Reached skill level 10 in Armour
 28862 | D:14     | Found a gate to the Vaults.
 29207 | D:15     | Entered Level 15 of the Dungeon
 29247 | D:15     | Found a gate leading to a gauntlet.
 29255 | Gauntlet | Entered a Gauntlet
 29255 | Gauntlet | Found the +3 Mad Mage's Maulers {Infuse+∞ VampMP -Cast}
 29255 | Gauntlet | Found a transporter.
 29255 | Gauntlet | Found a transporter.
 29255 | Gauntlet | Found a transporter.
 29256 | Gauntlet | Found a transporter.
 29259 | Gauntlet | Found a transporter.
 29270 | Gauntlet | Found a transporter.
 29276 | Gauntlet | Found a transporter.
 29278 | Gauntlet | Found a transporter.
 29291 | Gauntlet | Found a transporter.
 29296 | Gauntlet | Found a transporter.
 29366 | Gauntlet | Found a transporter.
 29391 | Gauntlet | Found a transporter.
 29561 | Gauntlet | Identified the +8 trident of the Summoning Gods {drain,
                  | rF++ rCorr Int-3}
 29687 | Gauntlet | Identified the +2 pair of boots of Datonih {rN+ Int+3 SInv}
 29719 | Gauntlet | Identified the staff of the Sky {rElec rC++ Dex-2 Air}
 29768 | Gauntlet | Got the Tome of Elsewhere
 30008 | D:15     | Reached skill level 11 in Armour
 30131 | D:15     | Noticed Agnes
 30139 | D:15     | Killed Agnes
 30148 | D:15     | Reached XP level 17. HP: 138/142 MP: 25/25
 30492 | D:15     | Reached skill level 1 in Evocations
 30803 | D:15     | Found a staircase to the Depths.
 31639 | Swamp:1  | Entered Level 1 of the Swamp
 31641 | Swamp:1  | Noticed Louise
 31931 | Snake:1  | Entered Level 1 of the Snake Pit
 31931 | Snake:1  | Noticed Nikola
 31939 | Snake:1  | Killed Nikola
 32162 | Snake:1  | Found Xounyl's General Store.
 32163 | Snake:1  | Noticed Azrael
 32295 | Snake:1  | Reached skill level 12 in Armour
 33388 | Snake:1  | Killed Azrael
 33389 | Snake:1  | Reached skill level 5 in Evocations
 34095 | Snake:1  | Found a runed translucent gate.
 34095 | Snake:1  | Found a runed translucent gate.
 34095 | Snake:1  | Found a runed translucent gate.
 34348 | Snake:1  | Bought a scroll of poison for 60 gold pieces
 34908 | Orc:2    | Bought a manual of Axes for 1040 gold pieces
 35282 | Snake:2  | Found a sparkling altar of Nemelex Xobeh.
 35302 | Snake:2  | Reached XP level 18. HP: 122/149 MP: 27/27
 35591 | Snake:2  | Reached skill level 13 in Armour
 36165 | Snake:3  | Found a sacrificial altar of Ru.
 36242 | Snake:3  | Found Elaxkig's Distillery.
 37108 | Snake:3  | Bought a potion of heal wounds for 85 gold pieces
 37108 | Snake:3  | Bought a potion of resistance for 170 gold pieces
 37108 | Snake:3  | Bought a potion of might for 68 gold pieces
 37108 | Snake:3  | Bought 2 potions of curing for 102 gold pieces
 37108 | Snake:3  | Bought a potion of curing for 51 gold pieces
 37110 | Snake:3  | Bought a potion of enlightenment for 85 gold pieces
 37146 | Snake:3  | Found an ancient bone altar of Kikubaaqudgha.
 37859 | Snake:3  | HP: 7/149 [poisoned by a naga warrior (splash of poison)]
 37864 | Snake:3  | HP: 5/149 [poisoned by a naga warrior (splash of poison)]
 38463 | Snake:3  | Reached skill level 14 in Armour
 38473 | Snake:3  | Identified the +5 trident of Havoc {flame, rPois Will+
                  | Dex+4}
 38600 | Snake:3  | Found Vumoor's Self-Published Books.
 38725 | Snake:3  | Found a burning altar of Makhleb.
 39164 | Snake:3  | Noticed Vashnia
 39179 | Snake:3  | Killed Vashnia
 39448 | Snake:4  | Entered Level 4 of the Snake Pit
 39527 | Snake:4  | Reached XP level 19. HP: 141/155 MP: 28/28
 39710 | Snake:4  | Found Rabysiy's Magic Scroll Boutique.
 39715 | Snake:4  | Bought a scroll of blinking for 112 gold pieces
 39715 | Snake:4  | Bought a scroll of butterflies for 60 gold pieces
 39715 | Snake:4  | Bought a scroll of revelation for 112 gold pieces
 39715 | Snake:4  | Bought a scroll of revelation for 112 gold pieces
 39715 | Snake:4  | Bought a scroll of fog for 60 gold pieces
 39734 | Snake:4  | Reached skill level 15 in Shields
 40900 | Snake:4  | Reached skill level 15 in Armour
 41529 | Snake:4  | Got a serpentine rune of Zot
 41780 | Swamp:1  | Killed Louise
 42754 | Swamp:2  | Found a transporter.
 42864 | Swamp:2  | Identified the serpent talisman of Orthodoxy {rElec}
 42864 | Swamp:2  | Noticed Aizul
 43141 | Swamp:1  | Killed Aizul
 43795 | Swamp:2  | You fall into a shaft and drop 1 floor!
 43817 | Swamp:2  | Reached skill level 5 in Dodging
 43950 | Swamp:2  | Found a transporter.
 43962 | Swamp:2  | Noticed Ruqos's ghost (adept MiBe)
 43963 | Swamp:2  | Found a bloodstained altar of Trog.
 45198 | Swamp:3  | Found a runed translucent door.
 45198 | Swamp:3  | Noticed Wiladeyst's ghost (adept TrSh)
 45563 | Swamp:3  | Reached XP level 20. HP: 137/162 MP: 29/29
 46039 | Swamp:4  | Entered Level 4 of the Swamp
 46874 | Swamp:4  | Gained mutation: You have supernaturally acute eyesight.
                  | (SInv) [a neqoxec]
 47036 | Swamp:4  | Paralysed by a fenstrider witch for 2 turns
 47910 | Swamp:4  | Got a decaying rune of Zot
 48462 | Vaults:1 | Entered Level 1 of the Vaults
 48485 | Vaults:1 | Found a crumbling gateway.
 48515 | Desolati | Entered the Desolation of Salt
 49037 | Desolati | Got Axiceycw's Catalogue of Misery
 49623 | Desolati | Got the Cyclopedia of the Lithosphere
 49624 | Desolati | Identified the ring "Piaruh" {Drain rElec rPois rC+ Str+8}
 49656 | Desolati | Got the Vellum of Mutable Pyromancy
 49658 | Desolati | Got Rig Mora's Compendium of Execration and the Boggart
 50216 | Desolati | Learned a level 1 spell: Apportation
 50314 | Desolati | Identified the staff "Rayl" {rPois rN+ Str+3 Poison}
 50330 | Desolati | Identified the ring of Udosm {rPois rC++ Int+2 Slay-5 SInv
                  | Stlth+}
 50899 | Snake:1  | Bought a scroll of enchant armour for 112 gold pieces
 50899 | Snake:1  | Bought a phantom mirror for 600 gold pieces
 50973 | Snake:4  | Bought a scroll of enchant armour for 112 gold pieces
 51267 | Swamp:2  | Killed Ruqos's ghost
 51290 | Swamp:2  | Reached XP level 21. HP: 77/166 MP: 16/30
 52137 | Vaults:1 | Reached skill level 16 in Armour
 54789 | Vaults:2 | Reached skill level 17 in Armour
 55125 | Vaults:3 | Found a flickering gateway to a bazaar.
 55167 | Bazaar   | Entered a bazaar
 55167 | Bazaar   | Found Viyker's Distillery.
 55167 | Bazaar   | Found Xasuyggu's Distillery.
 55167 | Bazaar   | Found Quyck's Magic Scroll Emporium.
 55169 | Bazaar   | Found Duafosin's Jewellery Shoppe.
 55183 | Bazaar   | Bought a potion of mutation for 80 gold pieces
 55183 | Bazaar   | Bought a potion of curing for 30 gold pieces
 55183 | Bazaar   | Bought a potion of curing for 30 gold pieces
 55183 | Bazaar   | Bought a potion of heal wounds for 50 gold pieces
 55183 | Bazaar   | Bought a potion of curing for 30 gold pieces
 55186 | Bazaar   | Bought a scroll of fog for 44 gold pieces
 55186 | Bazaar   | Bought a scroll of teleportation for 33 gold pieces
 55186 | Bazaar   | Bought a scroll of teleportation for 33 gold pieces
 55186 | Bazaar   | Bought a scroll of teleportation for 33 gold pieces
 55186 | Bazaar   | Bought a scroll of enchant armour for 82 gold pieces
 55186 | Bazaar   | Bought a scroll of enchant armour for 82 gold pieces
 55186 | Bazaar   | Bought 2 scrolls of fog for 88 gold pieces
 55192 | Bazaar   | Bought a scroll of poison for 44 gold pieces
 55440 | Vaults:3 | Reached XP level 22. HP: 167/175 MP: 32/32
 55597 | Vaults:3 | Got The Advanced Guide to Magic
 55644 | Vaults:3 | Found a staircase to the Crypt.
 55644 | Vaults:3 | Found a basalt altar of Yredelemnul.
 55645 | Vaults:3 | Found an ancient bone altar of Kikubaaqudgha.
 57304 | Vaults:4 | Reached skill level 18 in Armour
 58215 | Elf:1    | Entered Level 1 of the Elven Halls
 58281 | Elf:1    | Paralysed by an air elemental for 1 turns
 59063 | Elf:1    | Found Ehesysig's Assorted Antiques.
 59143 | Elf:1    | Bought a scroll of fog for 160 gold pieces
 59143 | Elf:1    | Bought a potion of curing for 120 gold pieces
 59343 | Elf:2    | Paralysed by an air elemental for 1 turns
 59353 | Elf:2    | Found Bofawni's General Store.
 59358 | Elf:2    | Found Upsasefru's Magic Scroll Shoppe.
 59358 | Elf:2    | Found Conoucwa's Distillery.
 59363 | Elf:2    | Found Zaazi's Distillery.
 59484 | Elf:2    | Paralysed by an air elemental for 1 turns
 59754 | Elf:2    | Reached XP level 23. HP: 181/181 MP: 33/33
 59791 | Elf:2    | Found a runed translucent gate.
 59791 | Elf:2    | Found a runed translucent gate.
 59792 | Elf:2    | Found a runed translucent gate.
 60178 | Elf:3    | Entered Level 3 of the Elven Halls
 60178 | Elf:3    | Found Vonick's Assorted Antiques.
 60182 | Elf:3    | Bought a scroll of butterflies for 124 gold pieces
 60425 | Elf:3    | Noticed Roxanne
 61338 | Elf:3    | Identified the amulet of the Enemy {Reflect Rampage rElec
                  | rF- Dex+3 SH+5}
 61353 | Elf:3    | Reached skill level 19 in Armour
 61832 | Elf:3    | Identified the +1 morningstar of Wepe {drain, Int+3}
 61832 | Elf:3    | Identified the amulet of Niodim {Spirit rElec Will+ Regen+
                  | Stlth+}
 61868 | Elf:3    | Identified the +4 broad axe of Feleh {pain, rF+ Dex+3}
 61883 | Elf:3    | Reached skill level 15 in Invocations
 62294 | Elf:3    | Identified the staff of the Six Gods {rPois rC+ Str+2 Int+3
                  | Poison}
 62358 | Elf:3    | Got the Reference Book on the Curse
 62449 | Elf:2    | Bought a scroll of enchant weapon for 97 gold pieces
 63588 | Depths:1 | Entered Level 1 of the Depths
 63708 | Depths:1 | Found Soly's Book Boutique.
 63989 | Depths:1 | Found a one-way gate leading to the halls of Pandemonium.
 64345 | Depths:1 | Reached skill level 10 in Evocations
 64382 | Depths:1 | Found a shadowy altar of Dithmenos.
 64473 | Depths:1 | Found a stormy altar of Qazlal.
 64665 | Depths:1 | Found a gateway to Hell.
 64809 | Depths:1 | You are sucked into a shaft and drop 1 floor!
 64809 | Depths:2 | Noticed a caustic shrike
 64911 | Depths:2 | Killed a caustic shrike
 65042 | Depths:1 | Reached XP level 24. HP: 162/191 MP: 27/34
 65141 | Depths:1 | Identified the +6 shortbow of Evil {antimagic, Fragile
                  | rElec rC++ Int+2}
 65380 | Depths:2 | Reached skill level 20 in Armour
 65574 | Depths:2 | Got the Incunabulum of Fumes
 65698 | Depths:2 | Identified the amulet of the Castellan {Acrobat rF+ rCorr}
 65815 | Depths:2 | Identified the +1 rapier "Dophov" {protect, rF+ Dex+3}
 65856 | Depths:2 | Found a one-way gateway to a ziggurat.
 66005 | Depths:2 | Found a portal to a secret trove of treasure.
 66397 | Depths:3 | Noticed Margery
 66410 | Depths:2 | Killed Margery
 66735 | Depths:3 | Noticed a juggernaut
 66777 | Depths:3 | Killed a juggernaut
 66897 | Depths:3 | Found a one-way gate to the infinite horrors of the Abyss.
 67094 | Depths:3 | Noticed Boris
 67115 | Depths:3 | Killed Boris
 67634 | Depths:3 | Reached XP level 25. HP: 177/201 MP: 30/34
 67834 | Depths:3 | Found a stormy altar of Qazlal.
 68017 | Depths:4 | Entered Level 4 of the Depths
 68237 | Depths:4 | Reached skill level 21 in Armour
 68275 | Depths:4 | Identified the +1 lajatang of Ziapnar {freeze, rCorr Int+3}
 68528 | Depths:4 | Noticed Parghit
 68620 | Depths:4 | Killed Parghit
 68749 | Depths:4 | Reached skill level 10 in Throwing
 69515 | Depths:4 | Reached skill level 22 in Armour
 69539 | Depths:4 | Found a radiant altar of Vehumet.
 70317 | Depths:4 | Found a gate to the Realm of Zot.
 70366 | Depths:4 | Identified the staff of the Lusting Mosquito {rPois Str+3
                  | Int-4 Dex+3 Poison}
 70407 | Depths:4 | Found the +9 scales of the Dragon King {rPois rF+ rC+
                  | Will+}
 70449 | Depths:4 | Reached XP level 26. HP: 204/208 MP: 33/34
 71058 | Slime:1  | Entered Level 1 of the Pits of Slime
 71803 | Slime:4  | Paralysed by a formless jellyfish for 1 turns
 71855 | Slime:5  | Entered Level 5 of the Pits of Slime
 72067 | Slime:4  | Reached skill level 23 in Armour
 73423 | Slime:5  | Noticed the Royal Jelly
 73450 | Slime:5  | Killed the Royal Jelly
 73451 | Slime:5  | Reached skill level 15 in Throwing
 73636 | Slime:5  | Found the necklace of Bloodlust {Fury *Rage Will++ Int-3
                  | Slay+6}
 73639 | Slime:5  | Identified the ring "Upsoluaj" {rCorr AC+4 Str+3}
 73673 | Slime:5  | Identified the staff "Newtbane" {SInv Earth}
 73695 | Slime:5  | Identified the +0 robe "Vuexte" {Dex+2}
 73703 | Slime:5  | Acquired the +2 pair of boots "Didilyshro" {rElec rF+ Str+7
                  | Int-3}
 73719 | Slime:5  | Identified the ring "Vaont" {rElec rPois rF- rCorr SInv}
 73755 | Slime:5  | Identified the staff "Ziroag" {Str+4 Earth}
 73759 | Slime:5  | Got a slimy rune of Zot
 74288 | Zot:1    | Entered Level 1 of the Realm of Zot
 74349 | Zot:1    | Reached skill level 24 in Armour
 74397 | Zot:1    | Identified the +0 ring mail of the Saviour {rPois}
 75374 | Zot:2    | Reached XP level 27. HP: 219/219 MP: 34/34
 75736 | Zot:4    | Found a transporter.
 75932 | Zot:4    | Found a transporter.
 75944 | Zot:4    | Found a transporter.
 75945 | Zot:4    | Noticed a dread lich
 75962 | Zot:4    | Noticed Qephaces's ghost (veteran GnGl)
 76593 | Zot:5    | Entered Level 5 of the Realm of Zot
 76697 | Zot:5    | Noticed an orb of fire
 76697 | Zot:5    | Gained mutation: You are clumsy. (Dex -2) [an orb of fire]
 76704 | Zot:5    | Gained mutation: Your spells are a little harder to cast,
                  | but a little more powerful. [an orb of fire]
 76708 | Zot:5    | Killed an orb of fire
 76717 | Zot:5    | Reached skill level 10 in Dodging
 77163 | Zot:5    | Noticed an ancient lich
 77164 | Zot:5    | Noticed an orb of fire
 77164 | Zot:5    | Noticed an orb of fire
 77165 | Zot:5    | Noticed a dread lich
 77166 | Zot:5    | Noticed a Killer Klown
 77171 | Zot:5    | Noticed a Killer Klown
 77172 | Zot:5    | Gained mutation: You are frail. (-10% HP) [an orb of fire]
 77177 | Zot:5    | Noticed a Killer Klown
 77189 | Zot:5    | Killed an orb of fire
 77190 | Zot:5    | Noticed a dread lich
 77197 | Zot:5    | Killed an ancient lich
 77203 | Zot:5    | Killed an orb of fire
 77203 | Zot:5    | Noticed an ancient lich
 77213 | Zot:5    | Killed a dread lich
 77214 | Zot:5    | Noticed a Killer Klown
 77221 | Zot:5    | Noticed a dread lich
 77223 | Zot:5    | Killed a dread lich
 77224 | Zot:5    | Noticed a Killer Klown
 77227 | Zot:5    | Killed an ancient lich
 77235 | Zot:5    | Killed a Killer Klown
 77243 | Zot:5    | Killed a Killer Klown
 77268 | Zot:5    | Killed a dread lich
 77280 | Zot:5    | Killed a Killer Klown
 77283 | Zot:5    | Killed a Killer Klown
 77286 | Zot:5    | Killed a Killer Klown
 78059 | Zot:5    | Got the Orb of Zot
 78851 | D:$      | Escaped with the Orb!

Illustrated notes

Levels and vault maps discovered:
D:1:      ncdulo_halloftheorcs, layout_loops_ring,
          hellmonk_ecumenical_altar_leap_of_faith,
          chequers_serial_rivers_large_b
D:2:      layout_rooms, serial_curves, eino_curves_03, eino_curves_01
D:3:      layout_loops_corners, minmay_snake_closets
D:4:      layout_basic, elyvilon_altar_5, nicolae_overflow_hallway_of_the_gods,
          nicolae_zen_rock_garden, minmay_bisected
D:5:      kennysheep_windowed_halls, layout_basic,
          mainiacjoe_overflow_surrounded_room, minmay_fractal_squares_5,
          uniq_eustachio
D:6:      layout_rooms, lemuel_coloured_pillars_altar, minmay_temple_entry_tees,
          hellmonk_no_cap
D:7:      layout_gridville, mainiacjoe_overflow_paths, serial_shops, shop
D:8:      layout_loops_corners, old_standard_altar, dpeg_lair_monsters,
          gup_ossuary_entry_pyramid, serial_glass, glass_columns_c,
          glass_columns_b, glass_columns_a, uniq_maurice, uniq_gastronok
D:9:      layout_long_grid
D:10:     layout_stronghold, marbit_many_paths, orc_0_dummy,
          gammafunk_ghost_cemetery
D:11:     layout_roguey
D:12:     layout_roguey, gammafunk_ghost_spectres, uniq_josephine
D:13:     layout_basic, uniq_lodul
D:14:     layout_big_octagon, skrybe_vaults_entry_preservation, minivault_27,
          lemuel_old_faithful
D:15:     gammafunk_depths_entry_grave, layout_layer_cave, hex_tiny,
          gauntlet_entry_generic, uniq_agnes
Temple:   nicolae_temple_ecumenical_triangle
Lair:1:   layout_roguey, gammafunk_ghost_icy
Lair:2:   layout_roguey, nicolae_snake_entry_warm_welcome, enter_volcano_4,
          serial_bayou_shore_a, serial_bayou_shore_b
Lair:3:   wad_woods_structure_01, layout_misc_corridors,
          mainiacjoe_swamp_entry_lozenge_pond
Lair:4:   layout_gridlike, uniq_kirke
Lair:5:   cheibrodos_lair_end_hotspot, layout_regular_city,
          minmay_slime_entry_jelly_boxes
Swamp:1:  layout_basic_swamp, nicolae_swamp_ascending_descending, swamp_pool_4,
          uniq_louise
Swamp:2:  layout_basic_swamp, gammafunk_ghost_wrathful_warriors,
          infiniplex_staircase_pool, uniq_aizul
Swamp:3:  layout_basic_swamp, gammafunk_ghost_grave, evilmike_swamp_ruin_house_3
Swamp:4:  nzn_swamp_witches_coven, layout_basic_swamp
Snake:1:  layout_chambers, serial_library, serial_library_hellmonk_secret_room,
          serial_library_hellmonk_hallway_b, serial_library_hellmonk_junction,
          serial_library_hellmonk_hallway_a, serial_library_hellmonk_u_bend,
          serial_library_regret_index_branch_corner,
          serial_library_regret_index_split_case,
          serial_library_hellmonk_room_c, nicolae_take_the_stairs,
          grunt_ministairs_7, nicolae_snake_horde_hoard, uniq_nikola,
          uniq_azrael
Snake:2:  nicolae_snake_shooting_gallery, layout_onion, basic_altar
Snake:3:  layout_layer_cave, basic_altar, serial_library_hellmonk_hallway_b,
          hangedman_feature_mirror, nicolae_stop_n_shop_2, nicolae_custom_books,
          hangedman_snake_sidewinding, uniq_vashnia
Snake:4:  grunt_snake_rune_serpentine_throne, layout_rooms, serial_shops,
          nicolae_shop_hallway_plus, nicolae_snake_squiggles,
          corexii_hall_statues_x
Slime:1:  layout_caves, nicolae_slime_barrier,
          cheibrodos_slime_lost_civilization_4
Slime:2:  layout_caves, nicolae_slime_ancient_tower_intersection
Slime:3:  layout_caves
Slime:4:  layout_caves
Slime:5:  slime_pit_nicolae_royal_road_to_ruin
Orc:1:    layout_caves
Orc:2:    st_orc_open, layout_caves, portal_ice_cave_entry_ice_simulacra,
          nicolae_orc_bridge_out, mines1_david
Elf:1:    layout_loops_corners, serial_shops, shop,
          kennysheep_underground_church, st_stairs_11
Elf:2:    nicolae_elf_blades_splatter_lattice [mumra_blade_entry_dagger],
          layout_geoelf_octagon, st_stairs_6, minmay_shoptagon, uniq_zenata
Elf:3:    elf_hall, layout_onion_city, serial_shops,
          nicolae_shop_hallway_stairs, uniq_roxanne
Vaults:1: portal_desolation_entry_nicolae_nacl, v_misc_2,
          ontoclasm_vaults_gallery, hangedman_vaults_stretched_pinwheel,
          layout_vaults_quadrants
Vaults:2: nicolae_vaults_swerve, nicolae_vaults_back_hallway, v_alt_pattern_2,
          nicolae_vaults_little_squares_6, ontoclasm_vaults_misaligned,
          grunt_vaults_bifocal, hangedman_vaults_slither,
          nicolae_vaults_layer_cake_slice, vaults_dpeg_cross,
          hangedman_vaults_nodes, nicolae_vaults_trapezoid_layered,
          vaults_room_semicircle, nicolae_vaults_mini_display_case,
          nicolae_vaults_three_branches, vaults_room_semicircle,
          layout_vaults_omnibox
Vaults:3: nicolae_vaults_network_quinsquares
          [nicolae_vaults_network_quincunx_subvault,
          nicolae_vaults_network_quincunx_subvault,
          nicolae_vaults_network_quincunx_subvault,
          nicolae_vaults_network_quincunx_subvault], dpeg_vaults_monster_row,
          minmay_crypt_entry_necro_gods, nicolae_vaults_trapezoid_layered,
          vaults_room_grid, layout_vaults_big_room, serial_shops, bzr_entry_road
Vaults:4: nicolae_vaults_cochlea, v_misc_8, nicolae_vaults_closet_pinwheel_2,
          nicolae_vaults_variable_pillar_hall, vaults_mumra_minichess,
          ontoclasm_vaults_loading_screen, nicolae_vaults_more_shelving_1,
          nicolae_vaults_six-pack, layout_vaults_ring
Depths:1: regret_index_dithmenos_penumbral_divide, layout_gridlike,
          chequers_serial_rivers_room_b, serial_shops, shop, pan_entry,
          grunt_hell_entry_dis_mu, nicolae_qazlal_eye_of_the_storm
Depths:2: minmay_curly_fans, layout_cave_pools, enter_ziggurat_b,
          rand_demon_pan_entry_9, nicolae_trove_entry_diagonal,
          pf_hell_entry_tar_river, grunt_ministairs_12,
          minmay_stone_trees_small, kennysheep_inner_square
Depths:3: regret_index_qazlal_generations, layout_gridlike, hell_entry,
          pan_entry, abyss_entry, uniq_margery, uniq_boris
Depths:4: lemuel_castle_with_subvaults [lemuel_castle_interior_original],
          layout_gridlike, grunt_mini_vestibule, vehumet_crystals,
          beargit_elvish_explorers, uniq_parghit
Zot:1:    layout_misc_corridors, grunt_megastairs_2
Zot:2:    layout_concentric_octagons
Zot:3:    layout_basic, ebering_ghost_rock_garden, uniq_josephina
Zot:4:    layout_twisted_circle, nzn_ghost_randoct, bh_zot_ikea_curve,
          nicolae_diode_basic
Zot:5:    layout_gridlike

Skill      XL: |  1  2  3  4  5  6  7  8  9 10 11 12 13 14 15 16 17 18 19 20 21 22 23 24 25 26 27 |
---------------+----------------------------------------------------------------------------------+-----
Unarmed Combat | 1 |  1.0
Throwing       | 2 5 6 7 12 15 16 | 16.0
Armour         | 2 3 4 5 6 8 9 11 12 14 15 17 18 19 20 22 24 | 24.5
Fighting       | 3 4 5 6 9 10 12 14 15 17 18 21 | 21.5
Maces & Flails | 3 4 |  4.2
Axes           | 2 5 7 10 11 13 15 16 17 18 20 22 23 | 23.0
Shields        | 4 5 7 9 10 11 13 14 16 18 | 18.0
Invocations    | 1 5 8 9 11 12 13 14 15 17 | 17.3
Evocations     | 6 9 10 12 | 12.0
Dodging        | 5 9 12 | 12.0
Spellcasting   | |  2.0
Translocations | |  3.0

Action                     |  1- 3 |  4- 6 |  7- 9 | 10-12 | 13-15 | 16-18 | 19-21 | 22-24 | 25-27 || total
---------------------------+-------+-------+-------+-------+-------+-------+-------+-------+-------++-------
  Melee: Mace              |   129 |       |       |       |       |       |       |       |       ||   129
         Punch             |     4 |       |       |       |       |       |       |       |       ||     4
         War axe           |    11 |    61 |   144 |   329 |   761 |   904 |  1078 |  1058 |   741 ||  5087
         Morningstar       |       |       |       |       |    36 |     9 |       |       |       ||    45
         Trident           |       |       |       |       |       |    15 |    79 |       |     4 ||    98
         Broad axe         |       |       |       |       |       |       |       |   121 |   646 ||   767
         Unarmed           |       |       |       |       |       |       |       |       |     7 ||     7
  Throw: Dart              |     1 |     4 |    10 |    41 |     3 |    41 |     7 |    21 |     9 ||   137
         Javelin           |       |       |       |       |       |       |       |       |    16 ||    16
   Cast: Blink             |       |       |       |       |       |       |     1 |       |       ||     1
         Apportation       |       |       |       |       |       |       |       |     3 |     2 ||     5
 Invoke: Grand Finale      |       |       |       |       |     1 |       |       |       |     2 ||     3
         Line Pass         |       |       |       |       |       |     1 |     2 |       |       ||     3
Ability: Begin Untransform |       |       |       |       |       |       |     1 |       |       ||     1
  Evoke: Wand              |       |       |       |       |     8 |     4 |    13 |    18 |     9 ||    52
         Tin of tremorston |       |       |       |       |       |     1 |     1 |       |       ||     2
         Sack of spiders   |       |       |       |       |       |     1 |     1 |       |       ||     2
         Lightning rod     |       |       |       |       |       |       |       |     2 |       ||     2
         Phial of floods   |       |       |       |       |       |       |       |     1 |       ||     1
         Phantom mirror    |       |       |       |       |       |       |       |       |     1 ||     1
    Use: Scroll            |       |       |    11 |     7 |    14 |     4 |    16 |    10 |    10 ||    72
         Potion            |       |       |     2 |     2 |     4 |     1 |     5 |       |    11 ||    25
   Stab: Sleeping          |     1 |    11 |     1 |       |       |       |       |       |       ||    13
         Distracted        |       |       |     1 |     2 |    17 |    22 |    23 |    33 |    23 ||   121
         Paralysed         |       |       |     1 |    13 |    38 |    69 |    83 |    96 |   135 ||   435
         Invisible         |       |       |       |       |       |       |     1 |       |       ||     1
 Armour: Leather armour    |    98 |    27 |     3 |       |       |       |       |       |       ||   128
         Ring mail         |       |       |    43 |       |    30 |       |       |       |       ||    73
         Scale mail        |       |       |    26 |       |    12 |       |       |       |       ||    38
         Plate armour      |       |       |    31 |   171 |   313 |       |       |       |       ||   515
         Skin              |       |       |     3 |    12 |       |       |       |       |       ||    15
         Fire dragon scale |       |       |       |       |    44 |       |       |       |       ||    44
         Chain mail        |       |       |       |       |    22 |   388 |   520 |       |       ||   930
         Crystal plate arm |       |       |       |       |     3 |       |       |       |       ||     3
         Gold dragon scale |       |       |       |       |       |       |    93 |   544 |   940 ||  1577
  Dodge: Dodged            |    94 |    28 |    49 |    31 |    94 |   164 |   244 |   172 |   375 ||  1251
  Block: Buckler           |       |       |     9 |   101 |    55 |       |       |       |       ||   165
         Reflection        |       |       |       |    10 |    14 |    90 |    84 |    44 |       ||   242
         Kite shield       |       |       |       |       |   401 |   639 |   953 |   621 |   855 ||  3469
   Form: Anaconda          |       |       |       |       |       |       |     1 |       |       ||     1

Table legend: (Time is in decaauts)
 A = Elapsed time spent in this place.
 B = Non-inter-level travel time spent in this place.
 C = Inter-level travel time spent in this place.
 D = Time resting spent in this place.
 E = Time spent auto-exploring this place.
 F = Levels seen in this place.
 G = Mean time per level.
                   A        B        C        D        E       F      G
               +--------+--------+--------+--------+--------+-----+--------+
         Total |  78095 |  66536 |  11559 |  14985 |  32075 |  57 | 1370.1 |
       Dungeon |  20524 |  16120 |   4404 |   2361 |   9982 |  15 | 1368.3 |
        Temple |     18 |      9 |      9 |      0 |      0 |   1 |   18.0 |
          Lair |  10422 |   7664 |   2758 |   1975 |   3111 |   5 | 2084.4 |
         Swamp |   6816 |   6119 |    697 |   2217 |   2556 |   4 | 1704.0 |
     Snake Pit |   9379 |   8026 |   1353 |   2558 |   3371 |   4 | 2344.8 |
    Slime Pits |   2246 |   2004 |    242 |    378 |    832 |   5 |  449.2 |
  Orcish Mines |   2440 |   2174 |    266 |    433 |   1042 |   2 | 1220.0 |
   Elven Halls |   4197 |   3904 |    293 |    795 |   2157 |   3 | 1399.0 |
        Vaults |   6033 |   5483 |    550 |    667 |   3759 |   4 | 1508.2 |
        Depths |   7120 |   6382 |    738 |    688 |   3234 |   4 | 1780.0 |
           Zot |   3805 |   3559 |    246 |    851 |   1372 |   5 |  761.0 |
        Bazaar |     31 |     31 |      0 |      0 |      8 |   1 |   31.0 |
      Ice Cave |   1490 |   1490 |      0 |    537 |    229 |   1 | 1490.0 |
       Volcano |   1015 |   1015 |      0 |    501 |      2 |   1 | 1015.0 |
    Desolation |   2023 |   2023 |      0 |    942 |    274 |   1 | 2023.0 |
      Gauntlet |    529 |    529 |      0 |     79 |    145 |   1 |  529.0 |
               +--------+--------+--------+--------+--------+-----+--------+

Top non-repeatable levels by time:
 Snake:3: 3035 daAuts
 Snake:1: 2874 daAuts
Depths:4: 2484 daAuts
  Lair:2: 2474 daAuts
  Lair:3: 2455 daAuts
     D:7: 2071 daAuts
   Elf:3: 2047 daAuts
Desolation: 2023 daAuts
 Swamp:2: 1949 daAuts
 Swamp:1: 1900 daAuts
Vaults:2: 1869 daAuts
  Lair:4: 1866 daAuts
 Snake:2: 1842 daAuts
  Lair:5: 1838 daAuts
     D:8: 1790 daAuts
